 Dungeon Crawl Stone Soup version 0.28-a0-1030-g8662a71 (webtiles) character file.

Game seed: 11699358209636135092

744 HDogLeCool the Ruffian (level 7, -3/72 HPs)
             Began as a Troll Berserker on Dec 7, 2021.
             Was a Priest of Trog.
             Slain by a wyvern skeleton (13 damage)
             ... on level 5 of the Dungeon.
             The game lasted 00:07:26 (3089 turns).

HDogLeCool the Ruffian (Troll Berserker)            Turns: 3089, Time: 00:07:27

Health: -3/72      AC:  4    Str: 26    XL:     7   Next: 47%
Magic:  6/6        EV: 12    Int:  5    God:    Trog [***...]
Gold:   281        SH:  0    Dex: 20    Spells: 6/6 levels left

rFire   . . .      SeeInvis +     - Unarmed
rCold   . . .      Faith    .   (no shield)
rNeg    + . .      Spirit   .   a - +0 animal skin
rPois   .          Reflect  .   (helmet restricted)
rElec   .          Harm     .   g - scarf {repulsion}
rCorr   .          Rampage  .   (gloves unavailable)
Will    ++...                   (boots unavailable)
Stlth   ++........              (no amulet)
HPRegen 2.02/turn               f - +6 ring of dexterity
MPRegen 0.10/turn               d - ring "Fyben" {rN+ Dex+5 SInv}

@: strong-willed (expiring), on berserk cooldown, regenerating (expiring),
slowed, repel missiles, very slow
A: large, unfitting armour, claws 3, regeneration 1, shaggy fur 1, tough skin 1
a: Renounce Religion, Berserk, Trog's Hand


You were on level 5 of the Dungeon.
You worshipped Trog.
Trog was most pleased with you.
You visited 1 branch of the dungeon, and saw 5 of its levels.

You collected 281 gold pieces.

Inventory:

Missiles
 k - 10 poisoned darts (quivered)
 p - a throwing net
Armour
 a - a +0 animal skin (worn)
 g - a scarf of repulsion (worn)
Jewellery
 d - the ring "Fyben" (right claw) {rN+ Dex+5 SInv}
   (You found it on level 5 of the Dungeon)

   [ring of see invisible]

   Dex:       It affects your dexterity (+5).
   rN:        It protects you from negative energy.
   SInv:      It lets you see invisible.
 f - a +6 ring of dexterity (left claw)
 l - a ring of positive energy
Scrolls
 b - 2 scrolls of teleportation
 c - 2 scrolls of blinking
 e - a scroll of identify
 j - a scroll of immolation {unknown}
Potions
 h - a potion of magic {unknown}
 i - 2 potions of cancellation {unknown}
 m - 2 potions of curing
 n - a potion of flight {unknown}
 q - a potion of attraction {unknown}


   Skills:
 * Level 5.0 Fighting
 + Level 3.9 Dodging
 * Level 6.0 Unarmed Combat


You had 6 spell levels left.
You didn't know any spells.
Your spell library was empty.

Dungeon Overview and Level Annotations

Branches:
Dungeon (5/15)
 Temple: D:4-7

Altars:
Gozag
Uskayaw
Beogh

Shops:
D:3 [(!:

Annotations:
D:3 3 runed translucent doors, PaxSuburbia's ghost, weakling FeTm


Innate Abilities, Weirdness & Mutations

You are too large for most types of armour.
You have claws for hands.
Your natural rate of healing is unusually fast.
You are covered in fur. (AC +1)
You have tough skin. (AC +1)


Message History

a +0 dagger; a +0 robe; an orc corpse You scratch the wyvern skeleton but do no damage.
The bat closely misses you. The bat hits you.
The wyvern skeleton completely misses you.
The white imp hits you. The white imp freezes you.
The orc wizard hits you but does no damage.
The orc hits you with a +0 club.
The orc wizard hits you but does no damage.
The wyvern skeleton completely misses you.
The white imp misses you.
You scratch the bat.
The bat is severely wounded.
You feel the effects of Trog's Hand fading.
The bat barely misses you. The bat hits you but does no damage.
The orc hits you with a +0 club.
The orc wizard hits you with a +2 dagger of speed.
The wyvern skeleton bites you.
The white imp hits you but does no damage.
The orc wizard hits you with a +2 dagger of speed.
The orc hits you with a +0 club. The bat closely misses you.
The bat misses you. The wyvern skeleton bites you!
The bat hits you but does no damage. The wyvern skeleton closely misses you.
The orc closely misses you. The orc wizard barely misses you. The bat hits you.
The bat hits you but does no damage. The bat closely misses you.
The wyvern skeleton bites you!
* * * LOW HITPOINT WARNING * * *
The bat barely misses you. The bat hits you but does no damage.
The white imp hits you.
* * * LOW HITPOINT WARNING * * *
The white imp freezes you.
* * * LOW HITPOINT WARNING * * *
You feel better. The bat barely misses you.
The bat hits you but does no damage.
The orc wizard gestures at you while chanting.
You resist with almost no effort. The white imp gestures at you.
The puff of frost hits you!
* * * LOW HITPOINT WARNING * * *
The wyvern skeleton bites you!
You die...

......# .. ......#
.### ......### ...##
...>.....#
########.#..## .....
#..##............#
#### #..#............#
# ............# ##
#...Zb<...# .#
#.).o@b...# .#####
#..)5.....#
.....#######...o.....#
..#..##..............#
........##############
#.#.....# ...#....#
........# ...#....#


You could see an orc wizard (invisible), a white imp, an orc, 2 bats and a
wyvern skeleton.

Vanquished Creatures
  Eustachio (D:5)
  Blork the orc (D:3)
  An orc priest (D:4)
  A bullfrog skeleton (D:4)
  Jessica (D:2)
  Terence (D:2)
  Natasha (thrice) (D:2)
  An iguana (D:5)
  3 orc wizards
  4 hound skeletons
  4 adders
  4 gnolls (D:4)
  A white imp (D:5)
  An adder skeleton (D:4)
  3 worms
  5 dart slugs
  9 orcs
  5 ball pythons
  9 bats
  8 endoplasms
  3 giant cockroaches
  6 goblins
  8 hobgoblins
  7 jackals
  2 quokkas (D:1)
  5 frilled lizards
  8 kobolds
  7 rats
112 creatures vanquished.

Notes
Turn   | Place    | Note
-------+----------+-------------------------------------------
     0 | D:1      | HDogLeCool the Troll Berserker began the quest for the Orb.
     0 | D:1      | Reached XP level 1. HP: 22/22 MP: 0/0
   121 | D:1      | Reached XP level 2. HP: 29/29 MP: 1/1
   337 | D:1      | Reached XP level 3. HP: 36/36 MP: 2/2
   372 | D:1      | Found a faded altar of an unknown god.
   671 | D:2      | Noticed Natasha
   682 | D:2      | Killed Natasha
   766 | D:2      | Reached XP level 4. HP: 45/45 MP: 3/3
   769 | D:2      | Noticed Natasha
   778 | D:2      | Killed Natasha
   779 | D:2      | Reached skill level 4 in Unarmed Combat
   855 | D:2      | Reached ** piety under Trog
   915 | D:2      | Noticed Terence
   923 | D:2      | Killed Terence
   925 | D:2      | Reached XP level 5. HP: 53/53 MP: 4/4
   972 | D:2      | Noticed Natasha
   983 | D:2      | Killed Natasha
  1182 | D:2      | Noticed Jessica
  1187 | D:2      | Killed Jessica
  1470 | D:3      | Found Exastrog's Distillery.
  1522 | D:3      | Found Hetexir's Book Emporium.
  1586 | D:3      | Found a hide-covered altar of Uskayaw.
  1622 | D:3      | Found a runed translucent gate.
  1622 | D:3      | Found a runed translucent gate.
  1622 | D:3      | Found a runed translucent gate.
  1628 | D:3      | Noticed PaxSuburbia's ghost (weakling FeTm)
  1674 | D:3      | Found Qefar's Antique Weapon Boutique.
  1744 | D:3      | Found an opulent altar of Gozag.
  1809 | D:3      | Found Upry's Antique Armour Shop.
  2168 | D:4      | Noticed Blork the orc
  2179 | D:3      | Killed Blork the orc
  2180 | D:3      | Reached XP level 6. HP: 52/62 MP: 5/5
  2336 | D:4      | Reached skill level 5 in Unarmed Combat
  2378 | D:4      | Reached *** piety under Trog
  2779 | D:5      | Entered Level 5 of the Dungeon
  2880 | D:5      | Reached XP level 7. HP: 71/71 MP: 6/6
  2921 | D:5      | Identified the ring "Fyben" {rN+ Dex+5 SInv}
  2948 | D:5      | Noticed Eustachio
  2959 | D:5      | Killed Eustachio
  3064 | D:5      | Reached skill level 6 in Unarmed Combat
  3069 | D:5      | Reached skill level 5 in Fighting
  3089 | D:5      | Slain by a wyvern skeleton

Illustrated notes

Levels and vault maps discovered:
D:1:      mrwooster_arrival_statue, layout_rooms,
          hellmonk_ecumenical_altar_leap_of_faith
D:2:      kennysheep_big_flooded_room, layout_loops_ring, uniq_terence,
          uniq_jessica, uniq_natasha
D:3:      layout_loops_ring, nicolae_gozag_cash_rules_everything_around_me,
          mainiacjoe_overflow_tiny_flanked, biasface_ghost_orc_armoury,
          serial_shops, shop, nicolae_shop_statue_plus, nicolae_shop_crystal,
          nicolae_shop_stone
D:4:      layout_rooms, uniq_blork_the_orc
D:5:      layout_rooms, columned_hall_lemuel, hangedman_feature_mirror,
          roderic_batcave, hangedman_decor_lopped, uniq_eustachio

Skill      XL: |  1  2  3  4  5  6  7 |
---------------+----------------------+-----
Fighting       | 3 4 5 |  5.0
Unarmed Combat | 4 5 6 |  6.0
Dodging        | 3 |  3.9

Action                   |  1- 3 |  4- 6 |  7- 9 || total
-------------------------+-------+-------+-------++-------
Melee: Unarmed           |    84 |   159 |    40 ||   283
       Punch             |       |     2 |     3 ||     5
Invok: Berserk           |     3 |     5 |     2 ||    10
       Trog's Hand       |       |       |     1 ||     1
  Use: Scroll            |       |     5 |     2 ||     7
       Potion            |       |       |     1 ||     1
 Stab: Distracted        |       |     1 |       ||     1
Armor: Animal skin       |    30 |    41 |    36 ||   107
Dodge: Dodged            |    49 |    87 |    62 ||   198
       Repelled          |       |     3 |     1 ||     4

Table legend: (Time is in decaauts)
 A = Elapsed time spent in this place.
 B = Non-inter-level travel time spent in this place.
 C = Inter-level travel time spent in this place.
 D = Time resting spent in this place.
 E = Time spent auto-exploring this place.
 F = Levels seen in this place.
 G = Mean time per level.
                   A        B        C        D        E       F      G
               +--------+--------+--------+--------+--------+-----+--------+
         Total |   3158 |   2930 |    228 |    291 |   1940 |   5 |  631.6 |
       Dungeon |   3158 |   2930 |    228 |    291 |   1940 |   5 |  631.6 |
               +--------+--------+--------+--------+--------+-----+--------+

Top non-repeatable levels by time:
     D:3: 911 daAuts
     D:2: 891 daAuts
     D:1: 600 daAuts
     D:4: 511 daAuts
     D:5: 243 daAuts
